 Dungeon Crawl Stone Soup version 0.26-a0-259-g1effd001a9 (webtiles) character file.

Game seed: 4495792816041975590

141 raph the Gusty (level 5, -2/38 HPs)
             Began as a Draconian Air Elementalist on July 12, 2020.
             Slain by Crazy Yiuf
             ... wielding a +2 quarterstaff of chaos
              (11 damage)
             ... on level 3 of the Dungeon.
             The game lasted 00:11:19 (3592 turns).

raph the Gusty (Draconian Air Elementalist)         Turns: 3592, Time: 00:11:19

Health: -2/38      AC:  5    Str: 10    XL:     5   Next: 3%
Magic:  2/8        EV: 12    Int: 17    God:
Gold:   73         SH:  0    Dex: 11    Spells: 2/8 levels left

rFire    + . .     SeeInvis .   m - +1 quarterstaff (vorpal)
rCold    x . .     Faith    .   (shield currently unavailable)
rNeg     . . .     Spirit   .   (armour unavailable)
rPois    .         Reflect  .   (helmet restricted)
rElec    .         Harm     .   n - scarf {+Inv}
rCorr    .                      (no gloves)
MR       +....                  (no boots)
Stlth    ++........             (no amulet)
HPRegen  0.12/turn              c - ring of protection from magic
MPRegen  0.11/turn              h - ring of fire

@: very slightly contaminated, invisible
A: unfitting armour, cold-blooded, AC +5
a: no special abilities


You were on level 3 of the Dungeon.
You were not hungry.

You visited 1 branch of the dungeon, and saw 3 of its levels.

You collected 73 gold pieces.

Inventory:

Hand Weapons
 l - a +0 dagger
 m - a +1 vorpal quarterstaff (weapon)
 o - a +0 vorpal morningstar
Missiles
 i - 8 curare-tipped darts
 k - 21 poisoned darts (quivered)
 r - a throwing net
Armour
 n - a scarf of invisibility (worn)
Jewellery
 c - a ring of protection from magic (left hand)
 h - a ring of fire (right hand)
Scrolls
 a - 5 scrolls of remove curse
 e - a scroll of enchant armour
 s - a scroll of immolation {unknown}
 t - a scroll of blinking {unknown}
Potions
 d - a potion of lignification
 f - a potion of haste {unknown}
 g - 2 potions of curing {unknown}
 j - a potion of brilliance {unknown}
 p - a potion of mutation {unknown}
 q - 3 potions of heal wounds {unknown}
 u - a potion of stabbing {unknown}
Comestibles
 b - 9 rations


   Skills:
 - Level 1.7 Dodging
 - Level 1.7 Stealth
 - Level 2.0 Spellcasting
 * Level 3.4 Conjurations
 * Level 4.5 Air Magic


You had 2 spell levels left.
You knew the following spells:

 Your Spells              Type           Power        Failure   Level
a - Shock                 Conj/Air       ###.         3%          1
b - Swiftness             Chrm/Air       #.......     12%         2
c - Static Discharge      Conj/Air       ###.....     11%         3

Your spell library contained the following spells:

 Spells                   Type           Power        Failure   Level
 Airstrike                Air            ###.......   30%         4
 Lightning Bolt           Conj/Air       ###.......   71%         5


Dungeon Overview and Level Annotations

Branches:
Dungeon (3/15)

Altars:

Annotations:
D:3 Crazy Yiuf


Innate Abilities, Weirdness & Mutations

Your plain brown scales are hard. (AC +5)
You cannot fit into any form of body armour.
You are cold-blooded and may be slowed by cold attacks.


Message History

* * * LOW HITPOINT WARNING * * *
You fade into invisibility!
You are very lightly contaminated with residual magic.
Crazy Yiuf yells, "Seed!"
Casting: Static Discharge (dangerous; 11% risk of failure)
Confirm with . or Enter, or press ? or * to list all spells.
Aiming: Shock (safe; 3% risk of failure)
Press: ? - help, Shift-Dir - straight line
Okay, then.
Crazy Yiuf cries, "Castle!"
Casting: Shock (safe; 3% risk of failure)
Confirm with . or Enter, or press ? or * to list all spells.
Aiming: Shock (safe; 3% risk of failure)
Press: ? - help, Shift-Dir - straight line The zap hits Crazy Yiuf.
Crazy Yiuf is heavily wounded.
The zap hits Crazy Yiuf.
Crazy Yiuf is severely wounded.
Crazy Yiuf hits you with a +2 quarterstaff of chaos!
You die...

.........#
........##
........##
.........#
.........#########
.................#
.........#######.#
########## #.# #
#@## # #.g# # ###
♣♣###.# # #)))#♣♣
♣♣P....# #
#.))')♣♣♣♣PP....#
#
#)))#♣))♣)P♣...##
# ### ♣♣♣)♣)...##
# ♣♣♣♣♣### #


You could see Crazy Yiuf.

Vanquished Creatures
  5 adders
  An ooze (D:2)
  3 worms (D:3)
  2 dart slugs
  2 leopard geckos
  An orc (D:3)
  12 bats
  4 giant cockroaches
  8 goblins
  12 hobgoblins
  5 jackals
  A ball python (D:2)
  4 frilled lizards
  5 kobolds
  7 rats
  A fungus (D:3)
73 creatures vanquished.

Notes
Turn   | Place    | Note
-------+----------+-------------------------------------------
     0 | D:1      | raph the Draconian Air Elementalist began the quest for the
                  | Orb.
     0 | D:1      | Reached XP level 1. HP: 14/14 MP: 3/3
   528 | D:1      | Reached XP level 2. HP: 20/20 MP: 3/5
  1100 | D:1      | Reached XP level 3. HP: 25/26 MP: 2/6
  1618 | D:2      | Learned a level 2 spell: Swiftness
  1622 | D:2      | Learned a level 3 spell: Static Discharge
  1711 | D:2      | Reached skill level 4 in Air Magic
  1835 | D:2      | Reached XP level 4. HP: 31/33 MP: 1/7
  3234 | D:3      | Reached XP level 5. HP: 33/38 MP: 1/8
  3571 | D:3      | Found a runed translucent door.
  3572 | D:3      | Noticed Crazy Yiuf
  3592 | D:3      | Slain by Crazy Yiuf

Illustrated notes

Levels and vault maps discovered:
D:1:      saegor_arrival_simple_e, layout_rooms
D:2:      minmay_general_purpose_star, layout_basic
D:3:      layout_rooms, uniq_crazy_yiuf_cottage

Skill      XL: |  1  2  3  4 |
---------------+-------------+-----
Conjurations   | 2 3 |  3.4
Air Magic      | 4 |  4.5
Dodging        | |  1.7
Stealth        | |  1.7
Spellcasting   | |  2.0

Action                   |  1- 3 |  4- 6 || total
-------------------------+-------+-------++-------
Melee: Unarmed           |    22 |       ||    22
       Dagger            |    13 |     2 ||    15
       Tailslap          |     4 |     3 ||     7
       Morningstar       |       |    21 ||    21
       Quarterstaff      |       |    18 ||    18
 Cast: Shock             |    69 |    49 ||   118
       Static Discharge  |     1 |     1 ||     2
  Use: Scroll            |       |     5 ||     5
 Stab: Sleeping          |     3 |     2 ||     5
  Eat: Ration            |     1 |     2 ||     3
Armor: Skin              |    33 |    14 ||    47
Dodge: Dodged            |    68 |    32 ||   100

Table legend:
 A = Non-vault XP
 B = Vault XP
 C = Vault XP percentage of total XP
 D = Non-vault monster count
 E = Vault monster count
 F = Vault count percentage of total count
                 A         B        C        D         E       F
            +---------+---------+-------+---------+---------+-------
      Total |     173 |      29 |  14.4 |      69 |       3 |   4.2
            +---------+---------+-------+---------+---------+-------
        D:1 |      46 |       0 |   0.0 |      28 |       0 |   0.0
        D:2 |      71 |      29 |  29.0 |      23 |       3 |  11.5
        D:3 |      56 |       0 |   0.0 |      18 |       0 |   0.0
            +---------+---------+-------+---------+---------+-------
